 Dungeon Crawl Stone Soup version 0.31-a0-355-g57cb03d3e8 (webtiles) character file.

Game seed: 5933817018819548611

228 hashsling the Covered (level 6, -5/39 HPs)
             Began as a Gargoyle Fighter on July 25, 2023.
             Slain by a gnoll
             ... wielding a +0 spear
             ... led by a gnoll bouda
              (6 damage)
             ... on level 4 of the Dungeon.
             The game lasted 00:04:16 (2807 turns).

hashsling the Covered (Gargoyle Fighter)            Turns: 2807, Time: 00:04:17

Health: -5/39      AC: 11    Str: 22    XL:     6   Next: 2%
Magic:  6/6        EV:  9    Int:  8    God:
Gold:   48         SH:  4    Dex:  9    Spells: 5/5 levels left

rFire   . . .        f - +0 whip (elec)
rCold   . . .        c - +0 buckler
rNeg    + . .        b - +0 scale mail
rPois   ∞            (no helmet)
rElec   +            (no cloak)
rCorr   .            (no gloves)
SInv    .            (no boots)
Will    .....        (no amulet) Stlth
                     (no ring)
HPRegen 0.26/turn    (no ring)
MPRegen 0.10/turn

%: no passive effects
@: no status effects
A: sickness immunity, AC +4, negative energy resistance 1, electricity
resistance, torment resistance 1, petrification resistance
a: no special abilities


You were on level 4 of the Dungeon.
You visited 1 branch of the dungeon, and saw 4 of its levels.

You collected 48 gold pieces.

Inventory:

Hand Weapons
 a - a +0 flail
 f - a +0 whip of electrocution (weapon)
Armour
 b - a +0 scale mail (worn)
 c - a +0 buckler (worn)
Wands
 q - a wand of iceblast (7)
Scrolls
 e - 2 scrolls of enchant weapon {unknown}
 g - a scroll of amnesia {unknown}
 k - a scroll of immolation {unknown}
 l - 2 scrolls of blinking {unknown}
 m - a scroll of poison {unknown}
 o - 2 scrolls of identify {unknown}
Potions
 d - a potion of might
 h - a potion of resistance {unknown}
 i - a potion of brilliance {unknown}
 j - 3 potions of heal wounds {unknown}
 n - a potion of mutation {unknown}
 p - a potion of haste {unknown}
 r - a potion of curing {unknown}


   Skills:
 + Level 4.5 Fighting
 + Level 3.3 Maces & Flails
 + Level 4.6 Armour
 + Level 4.5 Shields


You had 5 spell levels left.
You didn't know any spells.
Your spell library contained the following spells:

 Spells                   Type           Power      Damage    Failure   Level
 Ensorcelled Hibernation  Hex/Ice        0%         N/A       89%         2
 Anguish                  Hex/Necr       0%         N/A       100%        4


Dungeon Overview and Level Annotations

Branches:
Dungeon (4/15)
 Temple: D:4-7

Altars:
Sif Muna


Innate Abilities, Weirdness & Mutations

You are immune to sickness and miasma.
Your stone body is resilient. (AC +4)
You are immune to poison.
You resist negative energy. (rN+)
You are resistant to electric shocks. (rElec)
You are resistant to unholy torment.
You are immune to petrification.


Message History

The gnoll barely misses you.
A scorpion comes into view.
The gnoll attacks as you move away! The gnoll hits you but does no damage.
A gnoll comes into view. It is wielding a +0 club.
The gnoll shouts!
You hear a shout!
A gnoll comes into view. It is wielding a +0 whip.
The gnoll hits you from afar with a +0 halberd!
* * * LOW HITPOINT WARNING * * *
You hear a shout!
You hear a shout!
The gnoll hits you but does no damage. 2 gnolls come into view.
The gnoll shouts! x3
The gnoll is no longer moving quickly.
You block the gnoll's attack.
The gnoll is no longer moving quickly.
The gnoll is no longer moving quickly.
The gnoll bouda barks out a call to the hunt!
The gnolls pick up the pace!
The gnoll is no longer moving quickly.
The gnoll barely misses you. The gnoll hits you but does no damage.
The gnoll barely misses you.
The gnoll bouda gazes fiercely through you!
You feel your attacks grow feeble.
The gnoll is no longer moving quickly.
The gnoll hits you but does no damage. The gnoll closely misses you.
The gnoll bouda barks out a call to the hunt!
The gnolls pick up the pace!
The ball python bites you but does no damage.
The ball python barely misses you. The gnoll attacks as you move away!
You block the gnoll's attack. The ball python bites you.
* * * LOW HITPOINT WARNING * * *
The ball python grabs you. The ball python constricts you.
You escape the ball python's grasp.
The gnoll attacks as you move away! The gnoll barely misses you.
The gnoll hits you from afar with a +0 halberd.
* * * LOW HITPOINT WARNING * * *
Your attacks no longer feel as feeble.
The gnoll barely misses you.
The gnoll hits you from afar with a +0 spear.
You die...

....#...... ...........
........... ## #........
... ... +....... ....
..g #......# ..... ....
#.....g######......
.....#.....g.ggS@.......
.....#........gg........
.#...........gs...#.....
..........(...g.##......
......(..g..............
.......#................
.......#................
.......#.##............
......g#.##.......


You could see a gnoll bouda, a scorpion, 8 gnolls and a ball python.

Vanquished Creatures
  An ice beast (D:4)
  Jessica (D:2)
  Natasha (D:2)
  3 adders
  A dart slug (D:1)
  2 worms
  5 endoplasms
  2 giant cockroaches
  8 goblins
  2 hobgoblins
  2 jackals (D:2)
  5 quokkas
  5 ball pythons
  4 bats
  6 kobolds
  5 rats
53 creatures vanquished.

Notes
Turn   | Place    | Note
-------+----------+-------------------------------------------
     0 | D:1      | hashsling the Gargoyle Fighter began the quest for the Orb.
     0 | D:1      | Reached XP level 1. HP: 14/14 MP: 1/1
   111 | D:1      | Reached XP level 2. HP: 11/19 MP: 2/2
   492 | D:1      | Reached XP level 3. HP: 23/23 MP: 3/3
   844 | D:1      | You fall into a shaft and drop 1 floor!
   989 | D:2      | Noticed Jessica
   992 | D:2      | Noticed Natasha
  1015 | D:2      | Killed Natasha
  1016 | D:2      | Reached XP level 4. HP: 29/29 MP: 4/4
  1022 | D:2      | Killed Jessica
  2025 | D:3      | Reached XP level 5. HP: 30/33 MP: 5/5
  2180 | D:3      | Found a shimmering blue altar of Sif Muna.
  2669 | D:4      | Noticed an ice beast
  2689 | D:4      | Killed an ice beast
  2757 | D:4      | Reached XP level 6. HP: 39/39 MP: 6/6
  2806 | D:4      | HP: 1/39 [gnoll/+0 halberd[a gnoll bouda] (5)]
  2807 | D:4      | Slain by a gnoll

Illustrated notes

Levels and vault maps discovered:
D:1:      zaba_arrival_water, layout_basic,
          nicolae_concentric_dashed_squares_wild
D:2:      layout_loops_ring, supply_closet_lemuel, uniq_jessica, uniq_natasha
D:3:      layout_basic, tgw_sif
D:4:      layout_basic, serial_shops, shop, nicolae_shop_bloodbath_and_beyond

Skill      XL: |  1  2  3  4  5 |
---------------+----------------+-----
Armour         | 4 |  4.6
Fighting       | 4 |  4.5
Shields        | 4 |  4.5
Maces & Flails | 3 |  3.3

Action                     |  1- 3 |  4- 6 || total
---------------------------+-------+-------++-------
  Melee: Flail             |    41 |       ||    41
         Whip              |    67 |    90 ||   157
 Armour: Scale mail        |    56 |    37 ||    93
  Dodge: Dodged            |    49 |    39 ||    88
  Block: Buckler           |    21 |    14 ||    35

Table legend: (Time is in decaauts)
 A = Elapsed time spent in this place.
 B = Non-inter-level travel time spent in this place.
 C = Inter-level travel time spent in this place.
 D = Time resting spent in this place.
 E = Time spent auto-exploring this place.
 F = Levels seen in this place.
 G = Mean time per level.
                   A        B        C        D        E       F      G
               +--------+--------+--------+--------+--------+-----+--------+
         Total |   2826 |   2723 |    103 |    100 |   2206 |   4 |  706.5 |
       Dungeon |   2826 |   2723 |    103 |    100 |   2206 |   4 |  706.5 |
               +--------+--------+--------+--------+--------+-----+--------+

Top non-repeatable levels by time:
     D:1: 1003 daAuts
     D:3: 840 daAuts
     D:2: 829 daAuts
     D:4: 152 daAuts
